woodfighter, lawful female giant Barbarian -------- ....Y@Y. |....YY| -------- woodfighter the Bandit Experience level: 6 Strength: 18/01 Dexterity: 17 Constitution: 18 Intelligence: 8 Wisdom: 7 Charisma: 7 Health: 0(62) Energy: 14(14) Def: 11 Gold: 509 Moves: 5172 Dungeon seed: Vygwcp9TeIiT_DFN Game ID: woodfighter_1539111004 Your Inventory: Coins $ - 509 gold pieces Weapons a - a +0 battle-axe (weapon in hand) b - a +0 short sword Armor e - a blessed +0 dented pot (being worn) F - a blessed +1 shield of reflection N - an uncursed +0 cloak of displacement Comestibles t - an uncursed egg A - an uncursed tripe ration G - an uncursed food ration J - an uncursed lichen corpse Scrolls i - 2 uncursed scrolls of scare monster D - an uncursed scroll of enchant weapon K - a blessed scroll of water Spellbooks B - an uncursed spellbook of force bolt E - an uncursed spellbook of cause fear Potions d - an uncursed potion of extra healing j - an uncursed potion of oil k - 2 uncursed potions of gain ability l - 3 uncursed potions of water o - an uncursed potion of object detection H - 2 uncursed potions of hallucination I - a cursed potion of hallucination L - an uncursed potion of restore ability Wands h - a wand of slow monster (0:7) p - a cursed wand of sleep (0:8) Tools f - an uncursed oil lamp (0:1277) u - an uncursed oil lamp (0:1408) Gems w - 2 uncursed worthless pieces of green glass x - 2 uncursed worthless pieces of blue glass y - an uncursed fluorite C - 2 uncursed worthless pieces of yellowish brown glass Boulders/Statues n - an uncursed boulder q - an uncursed boulder r - an uncursed boulder z - an uncursed boulder Y - an uncursed boulder Spells and supernatural/magical abilities: Name Level Category Fail Memory W - pray for help -- divine ? -- Your skills at the end: Miscellaneous Skills bare handed combat [Basic] Weapon Skills axe [Basic] short sword [Basic] sling [Basic] Spellcasting Skills Final Attributes: You were piously aligned. You were poison resistant. You had infravision. You were stealthy. You are dead. Vanquished creatures: a dog a blue jelly 4 human zombies an imp a fog cloud 2 shriekers a golden naga hatchling a kitten 3 rothes a jitterbug a giant bat a monkey 3 dwarf zombies a wererat a gas spore a hobbit 2 large kobolds 3 geckos a hobgoblin a cave spider 4 garter snakes 10 manes a gnome zombie 7 jackals a fox 6 newts 3 sewer rats a grid bug 7 lichens 71 creatures vanquished. Voluntary challenges: You did not adorn yourself with jewelry or accessories. You did not cause conflict. You were not invisible. You did not have reflection. You were not displaced. You had been an atheist until turn 3537. You used a wielded weapon 82 times, starting on turn 437. You did not use containers. You did not apply a unicorn horn. You did not use plumbed fixtures. You did not drink any magical draughts. You were illiterate. You never genocided any monsters. You never polymorphed an object. You never changed form. You used no wishes. You never split a pudding. You never wrote Elbereth's name. You never violated your personal moral code. Dungeon overview: The Dungeons of Doom: levels 1 to 7 Level 1 a fountain a long staircase Level 2 a weapon shop, a sink Level 3 some fountains Level 4 (known vault) stairs to The Gnomish Mines Level 5 (shop) a fountain Level 6 many fountains Level 7 <- You were here The Gnomish Mines: Level 5 stairs to The Dungeons of Doom History has recorded: On T:1 you entered the Dungeons of Doom to retrieve the Amulet of Yendor! On T:557 you reached level 2 of The Dungeons of Doom. On T:1162 you reached level 3 of The Dungeons of Doom. On T:1426 you advanced to experience level 2. On T:1919 you advanced to experience level 3. On T:2547 you advanced to experience level 4. On T:2753 you reached level 4 of The Dungeons of Doom. On T:3537 you prayed to Mitra. On T:3628 you reached level 1 of The Gnomish Mines. On T:3695 you reached level 5 of The Dungeons of Doom. On T:3977 you reached level 6 of The Dungeons of Doom. On T:3981 you advanced to experience level 5. On T:4889 you prayed to Mitra. On T:5015 you advanced to experience level 6. On T:5170 you reached level 7 of The Dungeons of Doom. Score breakdown: Gold: 509 ( 50 points) Experience: 6 levels ( 500 points) Exploration: 7 levels ( 180 points) Discoveries: 21 items ( 1050 points) Variety of kills: 29 monsters ( 1450 points) Major goal: (nothing yet) ( 0 points) Survival: died (score multiplied by 3) Total score: 9690 Latest messages: The ape just misses! The ape claws you! The ape bites! The ape claws you! The ape misses. The ape bites! The ape misses. (3x) The ape claws you! The ape misses. The ape bites! The ape claws you! (2x) The ape misses. The ape claws you! (2x) The ape bites! The ape claws you! (2x) The ape misses. You smite the ape! The ape claws you! (2x) The ape bites! The ape claws you! The ape misses. The ape bites! The ape claws you! (2x) The ape misses. (2x) The ape claws you! The ape bites! You die... Final status: Goodbye woodfighter the Barbarian, killed by an ape... You died in The Dungeons of Doom on dungeon level 7 with 9690 points, and 509 pieces of gold, after 5172 moves. You were level 6 with a maximum of 62 hit points when you died.